 Dungeon Crawl Stone Soup version 0.31-a0-971-g75a2e9a4b4 (webtiles) character file.

Game seed: 8526702566924620992

16 Dordric the Grave Robber (level 2, 0/15 HPs)
             Began as a Vampire Necromancer on Oct 28, 2023.
             Slain by a rat (1 damage)
             ... on level 2 of the Dungeon.
             The game lasted 00:00:59 (1037 turns).

Dordric the Grave Robber (Vampire Necromancer)      Turns: 1037, Time: 00:00:59

Health: 0/15       AC:  2    Str:  7    XL:     2   Next: 37%
Magic:  23/23      EV: 12    Int: 17    God:
Gold:   62         SH:  0    Dex: 14    Spells: 4/5 levels left

rFire   . . .        (no weapon)
rCold   + + .        (no shield)
rNeg    + + +        a - +0 robe
rPois   ∞            (no helmet)
rElec   .            (no cloak)
rCorr   .            (no gloves)
SInv    +            (no boots)
Will    .....        (no amulet)
Stlth   ++++         c - ring of magical power
HPRegen 0.00/turn    d - ring of magical power
MPRegen 0.18/turn

%: no passive effects
@: bloodless, inhibited regen
A: bloodless, fangs 3, see invisible, vampiric 1
a: Revivify


You were on level 2 of the Dungeon.
You visited 1 branch of the dungeon, and saw 2 of its levels.

You collected 62 gold pieces.

Inventory:

Armour
 a - a +0 robe (worn)
Jewellery
 c - a ring of magical power (left hand)
 d - a ring of magical power (right hand)
Scrolls
 e - 2 scrolls of identify {unknown}
 f - a scroll of blinking {unknown}
 h - a scroll of poison {unknown}
Potions
 b - a potion of magic
 g - a potion of haste {unknown}


   Skills:
 - Level 2.1 Dodging
 - Level 3.0 Stealth
 + Level 2.4 Spellcasting
 + Level 4.7 Necromancy


You had 4 spell levels left.
You knew the following spells:

 Your Spells              Type           Power      Damage    Failure   Level
a - Necrotise             Necr           72%        1d7       2%          1

Your spell library contained the following spells:

 Spells                   Type           Power      Damage    Failure   Level
 Vampiric Draining        Necr           18%        2d7       8%          3
 Animate Dead             Necr           18%        N/A       26%         4
 Agony                    Necr           18%        N/A       58%         5


Dungeon Overview and Level Annotations

Branches:
Dungeon (2/15)

Altars:


Innate Abilities, Weirdness & Mutations

You do not regenerate when monsters are visible.
You are frail without blood (-20% HP).
You can heal yourself when you bite living creatures.
You are immune to poison.
You have razor-sharp teeth.
You have supernaturally acute eyesight. (SInv)
You are afflicted with vampirism.


Message History

You kill the bat!
No target in view!
You can't see any susceptible monsters within range! (Use Z to cast anyway.)
You can't see any susceptible monsters within range! (Use Z to cast anyway.) Magic restored.
Found an escape hatch in the floor.
A worm comes into view.
A worm is nearby!
You begin bloodletting.
You continue bloodletting. x4
Your bat skeleton barely misses the rat.
Your bat skeleton hits the rat but does no damage.
The rat bites your bat skeleton.
You continue bloodletting.
Your bat skeleton hits the rat but does no damage.
Your bat skeleton closely misses the rat. x2
The rat barely misses your bat skeleton.
HP restored.
You become bloodless.
Okay, then.
Your bat skeleton hits the rat.
The worm barely misses you.
Your bat skeleton hits the rat but does no damage.
The rat bites your bat skeleton.
You hit the worm but do no damage. You bite the worm.
The worm is lightly wounded.
Your bat skeleton barely misses the rat.
Your bat skeleton hits the rat but does no damage.
The rat bites your bat skeleton.
Your bat skeleton is destroyed!
You hit the worm but do no damage.
The worm is lightly wounded.
The worm bites you.
You hit the worm but do no damage. Your bite misses the worm.
The worm bites you!
Ouch! That really hurt!
* * * LOW HITPOINT WARNING * * *
You hit the worm but do no damage. The rat barely misses you.
You closely miss the rat.
The rat is heavily wounded.
The rat bites you.
You die...

.# .# #. .# #.#
.# #.# .#
#####.####.##
........@w$.###..
##.....r........
#.....###.#####
#>....# # ##...##
###.# #.#
#######.#
#).....<#


You could see a worm and a rat.

Vanquished Creatures
  A ball python (D:1)
  3 bats
  A goblin (D:1)
  A kobold (D:1)
  A quokka (D:1)
  3 frilled lizards (D:1)
  3 rats (D:1)
13 creatures vanquished.

Vanquished Creatures (collateral kills)
  An endoplasm (D:1)
  A rat (D:1)
2 creatures vanquished.

Grand Total: 15 creatures vanquished

Notes
Turn   | Place    | Note
-------+----------+-------------------------------------------
     0 | D:1      | Dordric the Vampire Necromancer began the quest for the
                  | Orb.
     0 | D:1      | Reached XP level 1. HP: 13/13 MP: 3/3
   538 | D:1      | Reached XP level 2. HP: 19/19 MP: 5/5
  1037 | D:2      | Slain by a rat

Illustrated notes

Levels and vault maps discovered:
D:1:      erik_arrival_triangle_medium, layout_basic
D:2:      layout_loops_ring, dk_noncrumbling_3

Action                     || total
---------------------------++-------
  Melee: Unarmed           ||    15
         Bite              ||     1
   Cast: Necrotise         ||    25
Ability: Exsanguinate      ||     1
 Armour: Robe              ||    11
  Dodge: Dodged            ||    16

Table legend: (Time is in decaauts)
 A = Elapsed time spent in this place.
 B = Non-inter-level travel time spent in this place.
 C = Inter-level travel time spent in this place.
 D = Time resting spent in this place.
 E = Time spent auto-exploring this place.
 F = Levels seen in this place.
 G = Mean time per level.
                   A        B        C        D        E       F      G
               +--------+--------+--------+--------+--------+-----+--------+
         Total |   1035 |    996 |     39 |      0 |    903 |   2 |  517.5 |
       Dungeon |   1035 |    996 |     39 |      0 |    903 |   2 |  517.5 |
               +--------+--------+--------+--------+--------+-----+--------+

Top non-repeatable levels by time:
     D:1: 1008 daAuts
     D:2: 27 daAuts
